 Dungeon Crawl Stone Soup version 0.29.1-15-g9cfb28693d (webtiles) character file.

Game seed: 1160335935232900687

74 Artool the Trooper (level 4, 0/37 HPs)
             Began as a Demonspawn Fighter on Apr 11, 2023.
             Succumbed to an adder's poison
             ... on level 4 of the Dungeon.
             The game lasted 00:02:04 (1602 turns).

Artool the Trooper (Demonspawn Fighter)             Turns: 1602, Time: 00:02:05

Health: 0/37       AC:  6    Str: 18    XL:     4   Next: 9%
Magic:  4/4        EV:  9    Int: 10    God:
Gold:   62         SH:  4    Dex: 12    Spells: 3/3 levels left

rFire   . . .      SeeInvis .   g - +0 whip
rCold   . . .      Faith    .   c - +0 buckler
rNeg    . . .      Spirit   .   b - +0 scale mail
rPois   .          Reflect  .   (no helmet)
rElec   .          Harm     .   (no cloak)
rCorr   .          Rampage  .   (no gloves)
Will    .....                   (no boots)
Stlth   ..........              (no amulet)
HPRegen 0.12/turn               (no ring)
MPRegen 0.09/turn               (no ring)

@: lethally poisoned (0 -> -7)
A: powered by death 1, weakness stinger 1
a: no special abilities


You were on level 4 of the Dungeon.
You visited 1 branch of the dungeon, and saw 4 of its levels.

You collected 62 gold pieces.

Inventory:

Hand Weapons
 a - a +0 flail
 g - a +0 whip (weapon)
Armour
 b - a +0 scale mail (worn)
 c - a +0 buckler (worn)
Jewellery
 i - a ring of protection from cold
 k - a ring of ice
Scrolls
 e - a scroll of poison {unknown}
 f - 2 scrolls of identify {unknown}
 j - a scroll of butterflies {unknown}
Potions
 d - 2 potions of might
 h - 3 potions of curing {unknown}


   Skills:
 + Level 3.7 Fighting
 + Level 2.5 Maces & Flails
 + Level 3.3 Armour
 - Level 3.0 Shields


You had 3 spell levels left.
You didn't know any spells.
Your spell library was empty.

Dungeon Overview and Level Annotations

Branches:
Dungeon (4/15)
 Temple: D:4-7

Altars:


Innate Abilities, Weirdness & Mutations

You regenerate a little health from kills.
You have a small tail.


Message History

* * * LOW HITPOINT WARNING * * *
Unknown command.
You hit the gnoll.
You kill the gnoll!
The gnoll hits you but does no damage.
You have reached level 4!
You feel clever.
Your demonic ancestry asserts itself...
You grow a small tail.
You closely miss the adder. You tail-slap the adder.
The adder is heavily wounded.
You block the adder's attack. The gnoll hits you but does no damage.
You miss the adder.
The adder is heavily wounded.
The adder bites you but does no damage. You block the adder's attack.
The gnoll closely misses you.
Unknown command.
You miss the adder.
The adder is heavily wounded.
The adder misses you.
The gnoll hits you with a +1 spear of pain.
* * * LOW HITPOINT WARNING * * *
You writhe in agony.
* * * LOW HITPOINT WARNING * * *
You hit the adder.
You tail-slap the adder, but do no damage.
The adder is almost dead.
The adder closely misses you. The gnoll hits you but does no damage.
You writhe in agony.
* * * LOW HITPOINT WARNING * * *
Unknown command.
You barely miss the adder.
Your tail-slap misses the adder.
The adder is almost dead.
The adder closely misses you. You block the gnoll's attack.
The adder bites you.
* * * LOW HITPOINT WARNING * * *
You are lethally poisoned!
The adder poisons you!
You hit the adder.
You kill the adder!
You die...

#. .
.###
<..
#..
#.#
#)#
#@#
#g#
#g#
..#
###


You could see 2 gnolls.

Vanquished Creatures
  3 adders
  A gnoll (D:4)
  A dart slug (D:1)
  4 endoplasms
  3 giant cockroaches
  5 hobgoblins
  2 jackals (D:1)
  3 kobolds
  A quokka (D:2)
  4 ball pythons
  9 bats
  5 frilled lizards
  2 goblins (D:1)
  2 rats (D:1)
45 creatures vanquished.

Notes
Turn   | Place    | Note
-------+----------+-------------------------------------------
     0 | D:1      | Artool the Demonspawn Fighter began the quest for the Orb.
     0 | D:1      | Reached XP level 1. HP: 18/18 MP: 1/1
   159 | D:1      | Gained mutation: You regenerate a little health from kills.
                  | [demonic ancestry]
   159 | D:1      | Reached XP level 2. HP: 11/24 MP: 2/2
  1009 | D:2      | Reached XP level 3. HP: 29/29 MP: 3/3
  1597 | D:4      | Gained mutation: You have a small tail. [demonic ancestry]
  1597 | D:4      | Reached XP level 4. HP: 6/37 MP: 4/4
  1602 | D:4      | Succumbed to an adder's poison

Illustrated notes

Levels and vault maps discovered:
D:1:      dpeg_arrival_simpleton_b, layout_loops_ring
D:2:      layout_rooms, kennysheep_generic_room_8
D:3:      layout_basic, mainiacjoe_overflow_paths,
          gammafunk_temple_overflow_statue, kennysheep_donut
D:4:      layout_loops_ring, hellmonk_ghost_happy_afterlife, uniq_sigmund,
          uniq_grinder

Skill      XL: |  1  2  3 |
---------------+----------+-----
Maces & Flails | 2 |  2.5
Armour         | 3 |  3.3
Shields        | 3 |  3.0
Fighting       | |  3.7

Action                   |  1- 3 |  4- 6 || total
-------------------------+-------+-------++-------
Melee: Flail             |    71 |       ||    71
       Whip              |    77 |     6 ||    83
       Tailslap          |       |     2 ||     2
Armor: Scale mail        |    69 |     3 ||    72
Dodge: Dodged            |    89 |     4 ||    93
Block: Buckler           |    41 |     3 ||    44
